cohdb
Replays
Latest Replays
All Replays
Popular Replays
Top Player Replays
Match Explorer
How It Works
Community
CoH3 Stats
Reddit
Sign in to upload your games and track your stats! →
Sign in with Steam
Beating the pathfinders.rec
Match 34862659
Overview
Messages
Build Orders
End
Kettenkrad Recon Vehicle
Construct Infanterie Kompanie
Grenadier Squad
Grenadier Squad
Grenadier Squad
GrW 34 Mortar Team
Infanterie Officer Quarters
Selects Breakthrough Battlegroup
Selects Assault Grenadiers
Construct Panzergrenadier Kompanie
Pak 40 Anti-tank Gun Team
Selects Breakthrough
Selects Mechanized Assault Group
Mechanized Assault Group
Construct Panzer Kompanie
Selects Rapid Production
GrW 34 Mortar Team
Selects Blitzkrieg
Panzer IV Medium Tank
Side Skirts
Panzer Officer Quarters
Repair Bunker
Kettenkrad Recon Vehicle
Selects Tiger Heavy Tank
Tiger Heavy Tank
Pak 40 Anti-tank Gun Team
Blitzkrieg
Evelynn
BiliBilI_23984226_Luckyman55
AHOIENMQ
Bego
0
0
Comments
sign in to comment!
No comments posted yet!